AoeStats
← xXlinkdu34Xx

Oasis

507748920Analyzed
2v2 RM · 12d ago on Sep 19, 2026· 49m 45s· 4 players
Game mode
Random Map
Map size
Medium (4 player)
Population
200
Speed
Normal
Resources
Standard
Victory
Conquest
Starting age
Dark Age
Ending age
Imperial Age
RankedLock teamsTeams togetherTeam positionsShared explorationLock speedFull tech treeHidden civsTurbo modeCheats
Victory
Defeat
🇫🇷 Maya · France
1148
+14
🇫🇷 Aztecs · France
1087
+17
🇨🇳 Celts · China
1124
-16
🇧🇷 Tatars · Brazil
1100
-15
xXlinkdu34Xx
2:27 Loom
12:38 Feudal Age
13:07 Double-Bit Axe
13:10 Horse Collar
14:25 Wheelbarrow
13:42 Gold Mining
16:04 Stone Mining
22:37 Castle Age
21:00 Scale Mail Armor
21:31 Forging
21:12 Arson
22:00 Fletching
21:51 Man-at-Arms
23:41 Bow Saw
23:58 Chain Mail Armor
24:22 Heavy Plow
25:03 Iron Casting
24:53 Squires
26:20 Hand Cart
26:59 Treadmill Crane
27:16 Pikeman
29:35 Gold Shaft Mining
30:37 Padded Archer Armor
30:28 Town Watch
30:09 Elite Skirmisher
30:37 Gambesons
31:21 Bodkin Arrow
36:51 Imperial Age
38:35 Blast Furnace
37:57 Garland Wars
37:51 Capped Ram
39:07 Plate Mail Armor
39:49 Conscription
39:50 Siege Ram
41:11 Bracer
42:47 Elite Jaguar Warrior
43:55 Siege Engineers
43:46 Murder Holes
45:27 Onager
46:14 Atlatl
45:39 Long Swordsman
46:26 Caravan
47:26 Fortified Wall
48:24 Chemistry
46:50 Two-Handed Swordsman
48:52 Town Patrol
48:53 Eagle Warrior
50:26 Ballistics
Gros_fié_des_familles
7:25 Loom
9:53 Feudal Age
10:40 Double-Bit Axe
13:58 Fletching
21:23 Castle Age
19:49 Padded Archer Armor
21:36 Crossbowman
22:36 Bodkin Arrow
22:52 Forging
23:35 Leather Archer Armor
25:53 Bow Saw
26:40 Ballistics
29:43 Squires
30:00 Scale Mail Armor
31:44 Eagle Warrior
35:05 Wheelbarrow
38:37 Imperial Age
38:35 Iron Casting
38:16 Chain Mail Armor
38:39 Gold Mining
38:40 Stone Mining
39:25 Horse Collar
40:15 Thumb Ring
41:09 Hand Cart
40:54 Arbalester
42:09 Ring Archer Armor
42:54 Conscription
43:17 Elite Eagle Warrior
44:50 Holcans
Deadlymouse
11:05 Feudal Age
12:29 Loom
17:15 Castle Age
15:46 Double-Bit Axe
15:43 Horse Collar
18:18 Bow Saw
19:37 Heavy Plow
21:23 Gold Mining
22:27 Treadmill Crane
24:55 Gold Shaft Mining
24:16 Stone Mining
32:15 Imperial Age
30:38 Wheelbarrow
30:59 Forging
30:50 Scale Mail Armor
33:26 Chain Mail Armor
33:58 Hand Cart
33:11 Heavy Scorpion
33:13 Capped Ram
35:57 Gold Shaft Mining
36:10 Conscription
37:12 Siege Ram
37:40 Pikeman
38:53 Furor Celtica
38:34 Town Watch
39:50 Iron Casting
39:48 Ballistics
39:50 Onager
42:32 Blast Furnace
41:25 Fletching
42:39 Plate Mail Armor
43:04 Siege Engineers
44:11 Bodkin Arrow
44:59 Stronghold
47:55 Elite Woad Raider
MADdu
10:26 Feudal Age
11:35 Double-Bit Axe
15:59 Castle Age
16:04 Bloodlines
19:00 Loom
21:26 Scale Barding Armor
22:20 Gold Mining
26:00 Double-Bit Axe
26:42 Horse Collar
30:50 Imperial Age
28:51 Forging
34:35 Stone Mining
41:02 Onager
42:21 Bow Saw
43:14 Wheelbarrow
42:25 Town Watch
46:38 Horse Collar
47:36 Gold Shaft Mining
Connection lost

Rejoining the realm…

Still unreachable

The connection could not be restored.

Session expired

The server has moved on; the page needs a fresh start.